 Dungeon Crawl Stone Soup version 0.27-a0-1312-g5cdb2b3542 (webtiles) character file.

Game seed: 1558641717641076210

158587 Delamore the Impaler (level 18, -7/140 HPs)
             Began as a Formicid Fighter on June 19, 2021.
             Was an Initiate of Gozag.
             Mangled by a 15-headed hydra (8 damage)
             ... on level 4 of the Swamp.
             The game lasted 00:41:11 (27354 turns).

Delamore the Impaler (Formicid Fighter)            Turns: 27354, Time: 00:41:12

Health: -7/140     AC: 26    Str: 32    XL:     18   Next: 35%
Magic:  18/18      EV:  7    Int:  9    God:    Gozag
Gold:   1888       SH: 16    Dex: 10    Spells: 17/17 levels left

rFire    + . .     SeeInvis +   E - +4 lajatang (speed)
rCold    + + .     Faith    .   c - +1 kite shield
rNeg     + . .     Spirit   .   M - +3 gold dragon scales
rPois    +         Reflect  .   (helmet unavailable)
rElec    .         Harm     .   B - +2 cloak {rC+}
rCorr    +         Rampage  .   v - +1 pair of gloves of the Distant Future {+Inv Slay+6}
Will     +++..                  b - -2 pair of boots of Mutualism {Fly rN+ rCorr Str+4}
Stlth    ..........             A - amulet "Aklayher" {rPois Will+ Regen+}
HPRegen  1.33/turn              W - +4 ring of slaying
MPRegen  0.16/turn              q - ring of willpower

@: mighty, gold aura, flying
A: permanent stasis, dig shafts and tunnels, antennae 3, four strong arms
a: Dig, Shaft Self, Renounce Religion, Evoke Invisibility, Potion Petition, Call
Merchant, Bribe Branch


You were on level 4 of the Swamp.
You worshipped Gozag.
Gozag was most pleased with you.
You visited 5 branches of the dungeon, and saw 28 of its levels.
You also visited: Ice Cave.

You collected 11471 gold pieces.
You spent 2662 gold pieces at shops.
You paid 6921 gold pieces to Gozag.

Inventory:

Hand Weapons
 k - a +2 demon trident of freezing
 E - a +4 lajatang of speed (weapon)
Missiles
 h - 49 boomerangs (quivered)
 l - a curare-tipped dart
 s - 12 javelins
 F - 8 silver javelins
 K - 4 throwing nets
 T - 11 boomerangs of dispersal
Armour
 b - the -2 pair of boots of Mutualism (worn) {Fly rN+ rCorr Str+4}
   (You acquired it on level 9 of the Dungeon)

   It affects your strength (+4).
   It protects you from negative energy.
   It grants you flight.
   It protects you from acid and corrosion.
 c - a +1 kite shield (worn)
 v - the +1 pair of gloves of the Distant Future (worn) {+Inv Slay+6}
   (You bought it in a shop on level 5 of the Dungeon)

   It affects your accuracy and damage with ranged weapons and melee attacks
   (+6).
   It lets you turn invisible.
 B - a +2 cloak of cold resistance (worn)
 M - +3 gold dragon scales (worn)
Jewellery
 p - a ring of poison resistance
 q - a ring of willpower (right hand)
 t - a ring of willpower
 y - a ring of flight
 A - the amulet "Aklayher" (around neck) {rPois Will+ Regen+}
   (You found it in an ice cave)

   [amulet of regeneration]

   It protects you from poison.
   It increases your rate of health regeneration.
   It increases your willpower.
 N - a +6 ring of strength
 W - a +4 ring of slaying (left hand)
Wands
 a - a wand of mindburst (12)
 u - a wand of paralysis (17)
 w - a wand of digging (8)
 C - a wand of charming (13)
 G - a wand of flame (60)
 H - a wand of iceblast (10)
 Q - a wand of acid (9)
Scrolls
 g - 2 scrolls of fog
 m - 11 scrolls of noise
 n - 2 scrolls of magic mapping
 x - 4 scrolls of summoning
 D - a scroll of holy word
 L - a scroll of immolation
 X - 12 scrolls of identify
 Y - 4 scrolls of brand weapon
 Z - a scroll of silence
Potions
 d - 4 potions of might
 e - 2 potions of attraction
 f - 3 potions of invisibility
 i - 5 potions of mutation
 o - a potion of brilliance
 r - 2 potions of cancellation
 z - 11 potions of curing
 I - 4 potions of resistance
 J - 3 potions of ambrosia
Miscellaneous
 R - a tin of tremorstones (2/2)
 U - a phantom mirror


   Skills:
 * Level 12.0 Fighting
 - Level 20.0(20.4) Polearms
 + Level 8.7(15.5) Staves
 - Level 10.0 Throwing
 + Level 10.9 Armour
 + Level 3.6 Dodging
 - Level 15.0 Shields
 - Level 10.0 Evocations


You had 17 spell levels left.
You didn't know any spells.
Your spell library contained the following spells:

 Spells                   Type           Power      Damage    Failure   Level
 Animate Skeleton         Necr           0%         N/A       100%        1
 Apportation              Tloc           0%         N/A       100%        1
 Beastly Appendage        Tmut           0%         N/A       100%        1
 Corona                   Hex            0%         N/A       100%        1
 Foxfire                  Conj/Fire      0%         2x1d4     100%        1
 Freeze                   Ice            0%         1d3       100%        1
 Shock                    Conj/Air       0%         1d3       100%        1
 Summon Small Mammal      Summ           0%         N/A       100%        1
 Static Discharge         Conj/Air       0%         N/A       100%        2
 Wereblood                Tmut           0%         N/A       100%        2
 Confusing Touch          Hex            0%         N/A       100%        3
 Frozen Ramparts          Ice            0%         1d2       100%        3
 Gell's Gravitas          Tloc           0%         N/A       100%        3
 Ozocubu's Armour         Ice            0%         N/A       100%        3
 Spider Form              Tmut/Pois      0%         N/A       100%        3
 Airstrike                Air            0%         N/A       100%        4
 Hailstorm                Conj/Ice       0%         3d3       100%        4
 Ice Form                 Ice/Tmut       0%         N/A       100%        4
 Iskenderun's Mystic Bla  Conj/Tloc      0%         2d3       100%        4
 Passage of Golubria      Tloc           N/A        N/A       100%        4
 Petrify                  Tmut/Erth      0%         N/A       100%        4
 Summon Lightning Spire   Summ/Air       0%         N/A       100%        4
 Lightning Bolt           Conj/Air       0%         1d11      100%        5
 Metabolic Englaciation   Hex/Ice        0%         N/A       100%        5
 Silence                  Hex/Air        0%         N/A       100%        5
 Yara's Violent Unravell  Hex/Tmut       0%         3d3       100%        5
 Conjure Ball Lightning   Conj/Air       0%         3x3d6     100%        6
 Storm Form               Tmut/Air       0%         N/A       100%        7
 Disjunction              Tloc           0%         N/A       100%        8
 Blink                    Tloc           Unusable   N/A       N/A         2
 Swiftness                Air            Unusable   N/A       N/A         3

Dungeon Overview and Level Annotations

Branches:
Dungeon (15/15)            Temple (1/1) D:5            Lair (6/6) D:8
  Swamp (4/4) Lair:4        Snake (0/4) Lair:4        Slime (0/5) Lair:6
    Orc (2/2) D:10            Elf (0/3) Orc:2        Vaults (0/5) D:13
 Depths (0/5) D:15          IceCv (visited)

Altars:
Ashenzari
Cheibriados
Dithmenos
Elyvilon
Fedhas
Gozag
Hepliaklqana
Kikubaaqudgha
Makhleb
Nemelex Xobeh
Okawaru
Qazlal
Ru
Sif Muna
Trog
Uskayaw
Vehumet
Wu Jian
Xom
Yredelemnul
Zin
The Shining One
Beogh
Jiyva

Shops:
D:3 ?(?:   D:5 [   D:8 [   D:10 ([   D:11 (   D:12 =   Orc:2 *[(=*   Lair:3 (
Lair:4 [

Annotations:
D:9 2 transporters, Johnny's ghost, novice DEEE


Innate Abilities, Weirdness & Mutations

You cannot be hasted, slowed, berserked, paralysed or teleported.
You can dig through walls and to a lower floor.
You have a pair of large antennae on your head. (SInv)
Your four strong arms can wield two-handed weapons with a shield.


Message History

You chop the swamp dragon into pieces!!!
You kill the swamp dragon!
You lop one of the 12-headed hydra's heads off!
The 11-headed hydra grows two more!
You slice the 13-headed hydra!!
The 13-headed hydra is moderately wounded.
The six-headed hydra is distracted by your dazzling golden aura.
The six-headed hydra roars!
You chop one of the 13-headed hydra's heads off!
The 12-headed hydra grows two more!
You slice the 14-headed hydra!!
The 14-headed hydra is severely wounded.
The 14-headed hydra bites you!
* * * LOW HITPOINT WARNING * * *
You block the 14-headed hydra's attack. x3
The 14-headed hydra bites you but does no damage. x5
The 14-headed hydra barely misses you. The 14-headed hydra closely misses you.
You block the 14-headed hydra's attack.
The 14-headed hydra bites you but does no damage. x2
You completely miss the 14-headed hydra.
The 14-headed hydra is severely wounded.
The six-headed hydra is no longer distracted by gold.
You block the six-headed hydra's attack. x2
The six-headed hydra bites you.
* * * LOW HITPOINT WARNING * * *
The six-headed hydra bites you.
* * * LOW HITPOINT WARNING * * *
The six-headed hydra bites you but does no damage.
You block the six-headed hydra's attack.
You slice one of the 14-headed hydra's heads off!
The 13-headed hydra grows two more!
You slice the 15-headed hydra!!
The 15-headed hydra is almost dead.
The 15-headed hydra completely misses you.
You block the 15-headed hydra's attack. x3; The 15-headed hydra bites you.
* * * LOW HITPOINT WARNING * * *
The 15-headed hydra bites you!
* * * LOW HITPOINT WARNING * * *
The 15-headed hydra bites you!
* * * LOW HITPOINT WARNING * * *
The 15-headed hydra bites you!
You die...
Your body crumbles into a pile of gold.

♣≈≈..≈≈≈≈♣♣♣≈.. ≈≈
♣≈≈.....≈♣≈.... ≈≈
♣.≈..≈.♣♣♣♣.≈.♣ $
..♣♣♣♣...≈≈.♣♣♣♣≈≈≈♣
♣.≈≈.....≈§.≈♣≈≈≈≈≈
♣≈≈...≈♣≈≈≈≈..≈≈≈≈. .
♣○○.°...≈≈≈≈≈≈≈≈≈≈.
≈k ♣☼°°≈≈≈≈≈≈≈≈...≈≈.
≈≈≈
♣@Dk≈≈≈≈≈≈≈≈..≈≈≈≈
#.≈♣♣D≈$≈≈≈≈..≈§.≈≈≈≈
#≈.♣k≈§.♣♣♣♣♣♣♣♣.≈.≈
#≈°♣./.♣♣.≈≈♣♣♣.♣♣♣
#♣≈○..≈≈♣≈≈≈♣.≈.≈♣
#k$..≈≈≈≈≈..≈...♣
...k≈.≈≈≈$.§♣.≈.♣♣♣
k§..♣#≈..≈≈♣≈≈♣.≈♣♣♣
..## ♣...≈♣≈≈≈≈≈.≈≈♣


You could see a 15-headed hydra, a six-headed hydra and 2 swamp drakes.

Vanquished Creatures
  Jorgrun (D:15)
  2 thorn hunters
  A fenstrider witch (Swamp:2)
  2 orc warlords
  3 ghouls (Swamp:4)
  A reaper (IceCv)
  A minotaur (D:12)
  Snorg (Lair:3)
  The ghost of xXDeathSunXx the Severer, a journeyman HOFi of Elyvilon (Lair:5)
  4 eleionomae
  The ghost of Vate the Blocker, a journeyman GnFi of Okawaru (D:12)
  An ettin (Orc:1)
  A shambling mangrove (Swamp:4)
  The ghost of Delamore the Spear-Bearer, a journeyman FoFi (D:13)
  4 catoblepae
  The ghost of flt the Frost Mage, a journeyman OpIE of Hepliaklqana (Lair:2)
  Harold (D:7)
  16 hydras
  Fannar (D:10)
  A ghost crab (Swamp:2)
  7 centaur warriors
  2 boulder beetles
  A tengu warrior (D:14)
  7 two-headed ogres
  A deep troll shaman (Lair:6)
  13 alligators
  19 death yaks
  An orc high priest (Orc:2)
  Nergalle (Lair:1)
  A fire crab (Lair:6)
  8 skeletal warriors
  4 spriggan druids
  3 goliath frogs
  A wizard (D:13)
  9 swamp dragons
  4 bog bodies
  The ghost of Loefaen the Destroyer, a novice KoCj of Jiyva (D:8)
  6 orc knights
  3 deep elf pyromancers
  2 lindwurms
  6 ugly things
  2 necromancers
  4 cyclopes
  3 oklob plants (Lair:2)
  5 orc sorcerers (Orc:2)
  A will-o-the-wisp (Swamp:2)
  2 ice statues (IceCv)
  5 elephants
  6 black mambas
  4 naga magi (D:15)
  Maurice (D:8)
  Maggie (Lair:1)
  2 gargoyles (D:12)
  4 torpor snails
  9 cane toads
  8 rime drakes
  A kobold demonologist (D:13)
  2 efreet
  9 komodo dragons
  7 trolls
  10 ice devils (IceCv)
  3 freezing wraiths
  2 queen bees
  5 polar bears (Lair:1)
  A wolf spider simulacrum (D:15)
  4 meliai
  9 tyrant leeches
  7 hornets
  2 dream sheep (Lair:6)
  A dream sheep (shapeshifter) (D:15)
  11 blink frogs
  12 slime creatures
  8 spriggans
  22 yaks
  A vampire (D:13)
  4 shadows
  7 wraiths
  4 wyverns
  8 basilisks
  13 vampire mosquitoes
  5 wargs
  2 nagas (Lair:4)
  12 swamp worms
  Edmund (D:6)
  18 water moccasins
  An acid dragon (D:12)
  4 swamp drakes
  3 ice beasts
  39 orc warriors
  15 wolves
  5 necrophages
  6 black bears
  5 ogres
  11 centaurs
  3 kobold brigands
  9 bullfrogs
  A gnoll sergeant (D:11)
  4 scorpions (D:6)
  A water moccasin zombie (D:5)
  2 wyvern zombies (D:8)
  A water moccasin skeleton (D:5)
  10 wights
  17 killer bees
  3 electric eels (Lair:4)
  3 howler monkeys
  A lava snake (Lair:4)
  15 centaur zombies
  A bullfrog zombie (D:6)
  3 centaur skeletons
  2 jellies
  6 hounds
  A bullfrog skeleton (D:5)
  23 orc priests
  2 hell rats (Lair:4)
  7 iguanas
  31 orc wizards
  2 killer bee zombies (D:8)
  3 centaur simulacra
  A hound skeleton (D:5)
  A howler monkey zombie (D:9)
  12 adders
  6 gnolls
  A shadow imp (D:6)
  14 white imps
  A howler monkey simulacrum (D:8)
  6 ufetubi
  A worm (D:2)
  80 orcs
  9 ball pythons
  8 endoplasms
  A giant cockroach (D:2)
  10 hobgoblins
  6 quokkas
  15 bats
  6 frilled lizards
  6 goblins
  7 kobolds
  4 rats
  A briar patch (Swamp:3)
  A fire vortex (Lair:4)
830 creatures vanquished.

Vanquished Creatures (others)
  A goliath frog (Swamp:2)
  A bloated husk (Swamp:3)
  2 white imps (IceCv)
  3 ufetubi (IceCv)
  4 foxfires (Swamp:2)
  11 fungi
  27 plants
49 creatures vanquished.

Grand Total: 879 creatures vanquished

Notes
Turn   | Place    | Note
-------+----------+-------------------------------------------
     0 | D:1      | Delamore the Formicid Fighter began the quest for the Orb.
     0 | D:1      | Reached XP level 1. HP: 18/18 MP: 1/1
   168 | D:1      | Reached XP level 2. HP: 24/24 MP: 2/2
   249 | D:1      | Reached skill level 3 in Polearms
   249 | D:1      | Reached XP level 3. HP: 26/30 MP: 3/3
   799 | D:2      | Reached XP level 4. HP: 14/37 MP: 4/4
  1414 | D:2      | Reached skill level 4 in Polearms
  1558 | D:2      | Reached XP level 5. HP: 42/42 MP: 5/5
  1680 | D:2      | Identified 3 scrolls of acquirement
  1680 | D:2      | Acquired 788 gold pieces
  1682 | D:2      | Acquired a manual of Shields
  1684 | D:2      | Acquired 514 gold pieces
  1733 | D:3      | Found Gocsaepn's Weapon Shoppe.
  1785 | D:3      | Found Nody's Book Emporium.
  2189 | D:3      | Found Diguilunn's Magic Scroll Shop.
  2198 | D:3      | Bought a scroll of noise for 10 gold pieces
  2198 | D:3      | Bought a scroll of magic mapping for 35 gold pieces
  2198 | D:3      | Bought a scroll of enchant weapon for 75 gold pieces
  2222 | D:3      | Found Zemaotom's Magic Scroll Shop.
  2281 | D:3      | Found a faded altar of an unknown god.
  2476 | D:4      | Reached XP level 6. HP: 19/49 MP: 6/6
  2778 | D:4      | Reached skill level 5 in Polearms
  2804 | D:4      | Reached skill level 5 in Shields
  3110 | D:4      | Reached skill level 5 in Fighting
  3317 | D:4      | Reached XP level 7. HP: 53/56 MP: 7/7
  3445 | D:5      | Entered Level 5 of the Dungeon
  3784 | D:5      | Found a staircase to the Ecumenical Temple.
  3800 | D:5      | Reached skill level 6 in Polearms
  3932 | Temple   | Entered the Ecumenical Temple
  4138 | Temple   | Became a worshipper of Gozag Ym Sagoz the Greedy
  4178 | D:5      | Bought a pair of scorched gloves for 152 gold pieces
  4178 | D:5      | Identified the +1 pair of gloves of the Distant Future
                  | {+Inv Slay+6} (You bought it in a shop on level 5 of the
                  | Dungeon)
  4464 | D:5      | Reached skill level 7 in Polearms
  4464 | D:5      | Reached XP level 8. HP: 54/62 MP: 8/8
  4797 | D:6      | Reached skill level 8 in Polearms
  4923 | D:6      | Noticed Edmund
  4932 | D:6      | Killed Edmund
  5082 | D:6      | Reached skill level 9 in Polearms
  5092 | D:6      | Reached XP level 9. HP: 68/68 MP: 9/9
  5946 | D:7      | Noticed Harold
  5963 | D:7      | Killed Harold
  5964 | D:7      | Reached skill level 10 in Polearms
  5964 | D:7      | Reached skill level 10 in Shields
  6501 | D:8      | Reached skill level 11 in Polearms
  6501 | D:8      | Reached XP level 10. HP: 43/74 MP: 10/10
  6748 | D:8      | Found a staircase to the Lair.
  6795 | D:8      | Bought a pair of translucent boots for 323 gold pieces
  6795 | D:8      | Identified the +2 pair of boots "Avvunib" {rN+} (You bought
                  | it in a shop on level 8 of the Dungeon)
  6951 | D:8      | Reached skill level 12 in Polearms
  7163 | D:8      | Found a runed translucent gate.
  7163 | D:8      | Found a runed translucent gate.
  7163 | D:8      | Found a runed translucent gate.
  7195 | D:8      | Noticed Loefaen's ghost (novice KoCj)
  7521 | D:8      | Killed Loefaen's ghost
  7529 | D:8      | Identified the ring "Gejyak" {Fire *Corrode rN+ Stlth+}
  7807 | D:8      | Noticed Maurice
  7818 | D:8      | Killed Maurice
  7957 | D:9      | Found a transporter.
  7966 | D:9      | Noticed Johnny's ghost (novice DEEE)
  7975 | D:9      | Found a transporter.
  8053 | D:9      | Reached XP level 11. HP: 73/79 MP: 11/11
  8204 | D:9      | Identified the +1 plate armour "Hobeaq" {rC+ Str+3 Int+4}
  8224 | D:9      | Acquired the -2 pair of boots of Mutualism {Fly rN+ rCorr
                  | Str+4}
  8276 | D:9      | Reached skill level 13 in Polearms
  8461 | D:9      | Noticed a two-headed ogre
  8468 | D:9      | Killed a two-headed ogre
  8469 | D:9      | Reached skill level 1 in Throwing
  8469 | D:9      | Reached skill level 1 in Evocations
  8598 | D:9      | Identified the Guide on the Volcanoes and the Compass
  8741 | D:10     | Entered Level 10 of the Dungeon
  8852 | D:10     | Noticed Fannar
  8877 | D:10     | Killed Fannar
  9089 | D:10     | Found a white marble altar of Elyvilon.
  9388 | D:10     | Found a staircase to the Orcish Mines.
  9574 | Lair:1   | Entered Level 1 of the Lair of Beasts
  9734 | Lair:1   | Found a frozen archway.
  9764 | Lair:1   | Reached skill level 5 in Armour
  9936 | IceCv    | Entered an ice cave
 10009 | IceCv    | Reached XP level 12. HP: 86/86 MP: 12/12
 10124 | IceCv    | Reached skill level 14 in Polearms
 10198 | IceCv    | Noticed a reaper
 10429 | IceCv    | Killed a reaper
 10738 | IceCv    | Reached skill level 15 in Shields
 10738 | IceCv    | Reached skill level 5 in Evocations
 10783 | IceCv    | Identified the amulet "Aklayher" {rPois Will+ Regen+}
 10816 | IceCv    | Identified the +10 ice dragon scales of a Labyrinth {Drain
                  | Fly rF- rC++ Int+4}
 11152 | Lair:1   | Reached skill level 5 in Throwing
 11234 | Lair:1   | Noticed Nergalle
 11255 | Lair:1   | Killed Nergalle
 11274 | Lair:1   | Reached skill level 15 in Polearms
 11443 | Lair:1   | Noticed Maggie
 11854 | Lair:1   | Killed Maggie
 12099 | Lair:2   | Noticed a catoblepas
 12110 | Lair:2   | Killed a catoblepas
 12111 | Lair:2   | Reached XP level 13. HP: 91/91 MP: 13/13
 12248 | Lair:2   | Noticed flt's ghost (journeyman OpIE)
 12269 | Lair:2   | Found a transporter.
 12271 | Lair:2   | Found a transporter.
 12295 | Lair:2   | Reached skill level 16 in Polearms
 12305 | Lair:2   | Killed flt's ghost
 12981 | Lair:3   | Noticed Snorg
 12995 | Lair:3   | Killed Snorg
 12996 | Lair:3   | Reached skill level 17 in Polearms
 13155 | Lair:3   | Noticed a seven-headed hydra
 13161 | Lair:3   | Killed a seven-headed hydra
 13341 | Lair:3   | Identified the +0 helmet of the Lobster {Str+3 Int+7
                  | Stlth-}
 14088 | Lair:4   | Found a staircase to the Swamp.
 14300 | Lair:4   | Found a staircase to the Snake Pit.
 14304 | Lair:4   | Reached XP level 14. HP: 98/98 MP: 14/14
 14351 | Lair:4   | Reached skill level 18 in Polearms
 14814 | Lair:5   | Found a large runed translucent door.
 14817 | Lair:5   | Found a large runed translucent door.
 14817 | Lair:5   | Noticed xXDeathSunXx's ghost (journeyman HOFi)
 14830 | Lair:5   | You are sucked into a shaft and drop 1 floor!
 14830 | Lair:6   | Entered Level 6 of the Lair of Beasts
 14919 | Lair:6   | Reached skill level 19 in Polearms
 14956 | Lair:6   | Found a staircase to the Slime Pits.
 14957 | Lair:6   | Found a viscous altar of Jiyva.
 15392 | Lair:6   | Reached skill level 20 in Polearms
 15396 | Lair:6   | Reached XP level 15. HP: 94/103 MP: 15/15
 16693 | Lair:5   | Killed xXDeathSunXx's ghost
 16883 | Orc:1    | Entered Level 1 of the Orcish Mines
 17024 | Orc:1    | Reached skill level 1 in Staves
 17391 | Orc:2    | Entered Level 2 of the Orcish Mines
 17391 | Orc:2    | Found Suezxack's General Store.
 17393 | Orc:2    | Noticed an orc warlord
 17590 | Orc:1    | Killed an orc warlord
 17751 | Orc:2    | Bought a scroll of immolation for 59 gold pieces
 18032 | Orc:2    | Noticed an orc warlord
 18059 | Orc:2    | Killed an orc warlord
 18303 | Orc:2    | Found Jeim's Antique Weapon Shoppe.
 18322 | Orc:2    | Found Zeyras's Jewellery Shoppe.
 18438 | Orc:2    | Found a staircase to the Elven Halls.
 18502 | Orc:2    | Found Yrayvi's Antique Armour Shoppe.
 18738 | Orc:2    | Found Gedwael's General Store.
 18745 | Orc:2    | Bought a scroll of acquirement for 728 gold pieces
 18876 | Orc:1    | Found a radiant altar of Vehumet.
 19059 | D:10     | Acquired 823 gold pieces
 19790 | D:11     | Found Immeq's Antique Weapon Boutique.
 19998 | D:12     | Found a runed translucent gate.
 19998 | D:12     | Found a runed translucent gate.
 20008 | D:12     | Found a runed translucent gate.
 20018 | D:12     | Noticed Vate's ghost (journeyman GnFi)
 20020 | D:12     | Found an opulent altar of Gozag.
 20062 | D:12     | You are sucked into a shaft and drop 2 floors!
 20184 | D:12     | Reached XP level 16. HP: 115/115 MP: 16/16
 20809 | D:12     | Killed Vate's ghost
 21694 | D:13     | Reached skill level 5 in Staves
 21977 | D:13     | Found a gate to the Vaults.
 22004 | D:13     | Found a runed translucent gate.
 22005 | D:13     | Found a runed translucent gate.
 22011 | D:13     | Found a runed translucent gate.
 22014 | D:13     | Noticed Delamore's ghost (journeyman FoFi)
 22052 | D:13     | Killed Delamore's ghost
 22956 | D:15     | Entered Level 15 of the Dungeon
 23173 | D:15     | Noticed Jorgrun
 23182 | D:15     | Killed Jorgrun
 23183 | D:15     | Reached XP level 17. HP: 113/126 MP: 17/17
 23881 | D:15     | Found a staircase to the Depths.
 23936 | D:15     | Found a sparkling altar of Nemelex Xobeh.
 24183 | Swamp:1  | Entered Level 1 of the Swamp
 24369 | D:5      | Bought gold dragon scales for 1280 gold pieces
 24740 | Swamp:1  | Found a hazy altar of Hepliaklqana.
 24932 | Swamp:1  | Reached skill level 10 in Fighting
 24942 | Swamp:1  | Reached skill level 10 in Armour
 24942 | Swamp:1  | Reached skill level 10 in Evocations
 25690 | Swamp:2  | Reached skill level 1 in Dodging
 25955 | Swamp:2  | Reached skill level 10 in Throwing
 26321 | Swamp:3  | Noticed a thorn hunter
 26332 | Swamp:3  | Killed a thorn hunter
 26879 | Swamp:4  | Entered Level 4 of the Swamp
 26888 | Swamp:4  | Noticed a thorn hunter
 26893 | Swamp:4  | Reached XP level 18. HP: 132/138 MP: 18/18
 27354 | Swamp:4  | HP: 1/140 [15-headed hydra (7)]
 27354 | Swamp:4  | Mangled by a 15-headed hydra

Illustrated notes

Levels and vault maps discovered:
D:1:      eino_arrival_water_star, layout_basic
D:2:      layout_basic, minmay_splitting_lines, serial_park_tiny_pond,
          minmay_hedge_maze, feat_on_display
D:3:      layout_rooms, basic_ecumenical_altar, serial_shops, shop,
          nicolae_shop_stone, shop_statue, shop, minmay_misc_feat_tiny,
          corner_web_ring, st_stairs_3
D:4:      layout_gridville
D:5:      layout_basic, minmay_temple_entry_proselytizer
D:6:      old_forge, layout_basic, minivault_26, chequers_jeans, uniq_edmund
D:7:      layout_cave_pools, uniq_harold
D:8:      layout_basic, erik_lair_orcish_takeover, gammafunk_ghost_icy,
          uniq_maurice
D:9:      layout_gridville, serial_undead, serial_undead_e, serial_undead_b,
          serial_undead_b, serial_undead_e, serial_undead_c, serial_undead_d,
          serial_undead_e, serial_undead_f, serial_undead_d, serial_undead_a,
          gammafunk_ghost_stat_death
D:10:     layout_long_grid, elyvilon_altar_1, orc_0_dummy, uniq_fannar
D:11:     layout_stronghold, serial_shops, nicolae_lakefront_shop
D:12:     layout_loops_corners, maelrawn_ghost_gauntlet_escape,
          grunt_gozag_statues
D:13:     layout_long_grid, david_vaults_1, gammafunk_ghost_spectres
D:14:     layout_rooms, chequers_serial_rivers_small_3
D:15:     grunt_enter_depths_magical_seal, layout_irregular_city,
          nemelex_diamond_rough_becter, uniq_jorgrun
Temple:   kilobyte_greek_temple
Lair:1:   beast_lair_carwin_large_1, layout_cave_pods,
          portal_ice_cave_entry_pillars_1, serial_bayou_crossing,
          infiniplex_staircase_pool_2, uniq_nergalle, uniq_maggie
Lair:2:   dpeg_oklob_gauntlet, layout_loops_ring, gammafunk_ghost_hive,
          minivault_26, lemuel_fruit_fields
Lair:3:   layout_layer_cave, special_room [special_room_bee],
          serial_bayou_pond_a, grunt_megastairs_1, uniq_snorg
Lair:4:   layout_gridlike, minmay_swamp_entry_reptiles,
          guppyfry_snake_entry_island, special_room [special_room_mythical_zoo],
          serial_bayou_shore_a
Lair:5:   layout_long_grid, ebering_ghost_disaster_area
Lair:6:   grunt_lair_end_beastmaster, layout_hall_layers, slime_altar_1,
          st_stairs_12
Swamp:1:  layout_basic_swamp, nicolae_swamp_godswood, swamp_pool2
Swamp:2:  layout_basic_swamp, serial_swamp_ruin, hangedman_swamp_ruin_wall,
          evilmike_swamp_ruin_rubble_1
Swamp:3:  layout_basic_swamp, nicolae_swamp_stair_fork,
          infiniplex_staircase_pool
Swamp:4:  swamp_alternative, layout_basic_swamp, swamp_pool1
Orc:1:    layout_caves, basic_altar
Orc:2:    grunt_orc_cross, layout_caves, serial_shops, shop, basic_altar,
          nicolae_orc_pool_cavern

Skill      XL: |  1  2  3  4  5  6  7  8  9 10 11 12 13 14 15 16 17 18 |
---------------+-------------------------------------------------------+-----
Polearms       | 3 4 5 7 9 11 12 13 15 17 20 | 20.0
Fighting       | 4 5 7 9 11 12 | 12.0
Shields        | 4 5 7 8 11 13 14 15 | 15.0
Throwing       | 3 5 7 8 10 | 10.0
Evocations     | 3 5 7 9 10 | 10.0
Armour         | 5 7 9 10 | 10.9
Staves         | 3 6 8 |  8.7
Dodging        | 2 3 |  3.6

Action                   |  1- 3 |  4- 6 |  7- 9 | 10-12 | 13-15 | 16-18 || total
-------------------------+-------+-------+-------+-------+-------+-------++-------
Melee: Trident           |    93 |   193 |   245 |   214 |       |       ||   745
       Halberd           |       |       |       |   290 |       |       ||   290
       Demon trident     |       |       |       |    94 |   530 |       ||   624
       Lajatang          |       |       |       |       |   464 |   867 ||  1331
Throw: Dart              |       |       |       |     5 |       |     3 ||     8
       Boomerang         |       |       |       |       |     7 |    17 ||    24
Invok: Call Merchant     |       |       |     1 |     1 |     4 |     1 ||     7
       Potion Petition   |       |       |       |       |       |     1 ||     1
 Abil: Dig               |       |     2 |     5 |    22 |    16 |     6 ||    51
Evoke: Wand              |       |       |       |     9 |       |     5 ||    14
  Use: Scroll            |     4 |     6 |     7 |     5 |    12 |     6 ||    40
       Potion            |       |       |       |     1 |     1 |     2 ||     4
 Stab: Distracted        |       |       |       |     3 |     7 |     3 ||    13
Armor: Scale mail        |    28 |    24 |       |       |       |       ||    52
       Plate armour      |       |    37 |    56 |   101 |   181 |   117 ||   492
       Gold dragon scale |       |       |       |       |       |   251 ||   251
Dodge: Dodged            |    31 |    49 |    32 |    54 |   110 |   179 ||   455
Block: Kite shield       |    50 |   117 |   115 |   301 |   365 |   472 ||  1420
       Reflection        |       |       |     4 |    14 |       |       ||    18

Table legend: (Time is in decaauts)
 A = Elapsed time spent in this place.
 B = Non-inter-level travel time spent in this place.
 C = Inter-level travel time spent in this place.
 D = Time resting spent in this place.
 E = Time spent auto-exploring this place.
 F = Levels seen in this place.
 G = Mean time per level.
                   A        B        C        D        E       F      G
               +--------+--------+--------+--------+--------+-----+--------+
         Total |  26327 |  24776 |   1551 |   2708 |  16945 |  29 |  907.8 |
       Dungeon |  14413 |  13564 |    849 |   1657 |   9290 |  15 |  960.9 |
        Temple |    242 |    207 |     35 |      0 |    198 |   1 |  242.0 |
          Lair |   6295 |   5824 |    471 |    345 |   4461 |   6 | 1049.2 |
         Swamp |   2593 |   2494 |     99 |    240 |   1743 |   4 |  648.2 |
  Orcish Mines |   1885 |   1789 |     96 |     92 |   1101 |   2 |  942.5 |
      Ice Cave |    897 |    897 |      0 |    373 |    152 |   1 |  897.0 |
               +--------+--------+--------+--------+--------+-----+--------+

Top non-repeatable levels by time:
  Lair:1: 1619 daAuts
     D:8: 1520 daAuts
  Lair:3: 1199 daAuts
    D:12: 1174 daAuts
     D:4: 1130 daAuts
     D:5: 1096 daAuts
   Orc:2: 1093 daAuts
    D:15: 990 daAuts
    D:13: 965 daAuts
     D:2: 943 daAuts
    D:10: 932 daAuts
  Lair:6: 924 daAuts
   IceCv: 897 daAuts
  Lair:5: 889 daAuts
    D:11: 878 daAuts
